 Dungeon Crawl Stone Soup version 0.31.0-12-g77e489cdc1 (webtiles) character file.

Game seed: 4211670353581814196

57617 hawla the Fencer (level 14, -4/181 HPs)
             Began as a Minotaur Monk on Feb 11, 2024.
             Was the Champion of Makhleb.
             Slain by a large abomination (22 damage)
             ... on level 4 of the Abyss.
             The game lasted 00:51:19 (20165 turns).

hawla the Fencer (Minotaur Monk)                   Turns: 20165, Time: 00:51:20

Health: -4/181     AC: 27    Str: 17    XL:     14   Next: 46%
Magic:  16/20      EV:  2    Int:  7    God:    Makhleb [******]
Gold:   693        SH: 11    Dex: 17    Spells: 13/13 levels left

rFire   x . .        O - +6 long sword
rCold   + . .        a - +2 buckler
rNeg    . . .        e - melded +2 plate armour {rF+}
rPois   +            I - melded +2 hat
rElec   .            q - melded +2 cloak
rCorr   +            X - melded +2 pair of gloves {hurl}
SInv    +            w - melded +1 pair of boots
Will    +....        S - amulet of reflection
Stlth   ++           k - ring of see invisible
HPRegen 0.50/turn    U - ring "Cej Quaxiabb" {Ice Fly rCorr Slay+3}
MPRegen 0.17/turn

%: reflection
@: tree-form
A: stationary, stasis, torment immunity, boosted hp, (horns 2), (retaliatory
headbutt), (iridescent scales 1), robust 1
a: Renounce Religion, Minor Destruction, Lesser Servant of Makhleb, Major
Destruction, Greater Servant of Makhleb


You were on level 4 of the Abyss.
You worshipped Makhleb.
Makhleb was exalted by your worship.
You were a tree.
You visited 4 branches of the dungeon, and saw 18 of its levels.
You visited the Abyss 1 time.
You also visited: Bailey.

You collected 1781 gold pieces.
You spent 1088 gold pieces at shops.

Inventory:

Hand Weapons
 O - a +6 long sword (weapon)
 T - a +0 scimitar of flaming
Missiles
 x - 28 poisoned darts (quivered)
 A - a throwing net
 E - a curare-tipped dart
 J - 16 darts of dispersal
Armour
 a - a +2 buckler (worn)
 e - a +2 plate armour of fire resistance (melded)
 q - a +2 cloak (melded)
 w - a +1 pair of boots (melded)
 I - a +2 hat (melded)
 P - the +10 tower shield of Ignorance {rN+ Int-4}
   (You found it on level 10 of the Dungeon)

   Int-4:     It affects your intelligence (-4).
   rN+:       It protects you from negative energy.
 X - a +2 pair of gloves of hurling (melded)
Jewellery
 b - a ring of protection from cold
 k - a ring of see invisible (left branch)
 p - a ring of protection from fire
 N - an amulet of the acrobat
 Q - a ring of resist corrosion
 S - an amulet of reflection (around neck)
 U - the ring "Cej Quaxiabb" (right branch) {Ice Fly rCorr Slay+3}
   (You took it off a centaur on level 13 of the Dungeon)

   [ring of ice]

   Ice:       It enhances your ice magic.
   Slay+3:    It affects your accuracy & damage with ranged weapons and melee
   (+3).
   rF-:       It makes you vulnerable to fire.
   rC+:       It protects you from cold.
   Fly:       It grants you flight.
   rCorr:     It protects you from acid and corrosion.
 V - an amulet of guardian spirit
Wands
 o - a wand of polymorph (8)
 r - a wand of iceblast (24)
 y - a wand of flame (15)
 C - a wand of paralysis (10)
 D - a wand of mindburst (17)
Scrolls
 i - 5 scrolls of teleportation
 j - 7 scrolls of fog
 s - 2 scrolls of immolation
 z - 3 scrolls of fear
 B - 4 scrolls of amnesia
 F - 4 scrolls of vulnerability
 G - 2 scrolls of butterflies
 H - 5 scrolls of revelation
 K - 3 scrolls of identify
 L - a scroll of torment
 R - 2 scrolls of poison
Potions
 c - a potion of ambrosia
 d - 2 potions of cancellation
 f - 8 potions of curing
 g - 2 potions of haste
 h - 5 potions of attraction
 l - 2 potions of heal wounds
 m - 4 potions of lignification
 t - a potion of enlightenment
 u - 3 potions of brilliance
 v - a potion of magic
 M - 3 potions of might


   Skills:
 - Level 6.3 Fighting
 - Level 20.0 Long Blades
 - Level 6.0 Throwing
 + Level 14.1 Armour
 - Level 8.1 Dodging
 - Level 10.0 Invocations
 - Level 3.0 Evocations


You had 13 spell levels left.
You didn't know any spells.
Your spell library was empty.

Dungeon Overview and Level Annotations

Branches:
Dungeon (14/15)            Temple (1/1) D:4            Lair (1/5) D:10
    Orc (2/2) D:11            Elf (0/3) Orc:2        Vaults (0/5) D:13
 Bailey (visited)

Altars:
Ashenzari
Cheibriados
Dithmenos
Elyvilon
Fedhas
Gozag
Hepliaklqana
Kikubaaqudgha
Makhleb
Nemelex Xobeh
Okawaru
Qazlal
Ru
Sif Muna
Trog
Uskayaw
Vehumet
Wu Jian
Xom
Yredelemnul
Zin
The Shining One

Shops:
D:9 (   D:14 =*   Orc:2 (*[([

Annotations:
D:9 dig the monsters & loot
Orc:2 Saint Roka
Abyss:1 Amaemon


Innate Abilities, Weirdness & Mutations

You are a tree.
Your roots penetrate the ground, keeping you stationary.
You cannot be teleported.
You are immune to unholy pain and torment.
Your maximum health is greatly increased.
Your equipment is partially melded.
((You have a pair of horns on your head.))
((You reflexively headbutt those who attack you in melee.))
((You are partially covered in iridescent scales. (AC +2)))
You are robust. (+10% HP)


Message History

The raiju is severely wounded.
You block the raiju's attack. The raiju bites you.
* * * LOW HITPOINT WARNING * * *
The raiju shocks you!
* * * LOW HITPOINT WARNING * * *
Unknown command.
You hit the raiju.
The raiju is almost dead.
Unknown command.
You slash the raiju!
You kill the raiju!
Makhleb accepts your kill.
You feel better. The raiju bites you but does no damage.
Unknown command.
You slash the raiju!
The raiju is severely wounded.
The sixfirhy hits you but does no damage.
The raiju bites you but does no damage. The sixfirhy hits you.
* * * LOW HITPOINT WARNING * * *
The sixfirhy shocks you!
* * * LOW HITPOINT WARNING * * *
Unknown command.
You slash the raiju!
The raiju is almost dead.
You block the sixfirhy's attack.
The sixfirhy hits you but does no damage.
The raiju bites you but does no damage.
Unknown command.
You closely miss the raiju.
The raiju is almost dead.
The neqoxec gestures at you. Something gnaws on your mind!
* * * LOW HITPOINT WARNING * * *
You feel your power leaking away.
Unknown command.
You slash the raiju!
You kill the raiju!
Makhleb accepts your kill. The large abomination hits you!!
You die...

. . # # ##. #. .#.
#.# # #. #.# ##
###.# ##. ...
........
#...##.##.# ....#
.
#......##....○.#○.
. #†♣#. . ..○.°°°.
#.X3z°○....z...°.
#.○z.#°3.##h. .○
#..##°##°..##.. #.
#.# ......♣#.h..#
..# . ##...~.
#.h.# ..# #.
#..#~.. #.## ## ..
#......## .#
~.....


You could see a large abomination, a sixfirhy, a neqoxec and 2 weeping skulls.

Vanquished Creatures
  Jorgrun (Orc:2)
  An orc warlord (Bailey)
  A very ugly thing (Abyss:3)
  Fannar (Orc:1)
  An ogre mage (D:13)
  A vault guard (D:13)
  2 catoblepae
  A boulder beetle (D:12)
  A dancing weapon (D:13)
  4 centaur warriors
  3 two-headed ogres
  The ghost of Lhightning the Cleaver, a novice MiFi of Trog (D:9)
  An arcanist (D:13)
  An obsidian statue (D:9)
  4 orc knights (Orc:2)
  2 cyclopes
  An orc sorcerer (Orc:2)
  An ugly thing (D:13)
  A manticore (D:9)
  4 kobold blastminers (Orc:2)
  Maurice (Orc:2)
  2 black mambas (Lair:1)
  3 cane toads (Lair:1)
  3 gargoyles
  An orange demon (D:8)
  An unseen horror zombie (D:8)
  2 kobold demonologists
  2 komodo dragons
  Maggie (Lair:1)
  Psyche (D:9)
  A tengu conjurer (D:13)
  7 trolls
  A hornet (D:9)
  2 raiju (Abyss:4)
  3 slime creatures (D:14)
  20 yaks
  2 basilisks
  A wraith (D:12)
  A wyvern (D:10)
  A steam dragon (D:8)
  A steam dragon (shapeshifter) (D:13)
  4 vampire mosquitoes
  3 wargs
  4 acid dragons
  3 water moccasins
  38 orc warriors
  A sky beast (D:7)
  3 black bears
  8 ogres
  An ice beast (D:5)
  A laughing skull (D:9)
  8 centaurs
  A phantom (D:5)
  7 kobold brigands
  5 bullfrogs
  2 gnoll sergeants
  4 scorpions
  10 wights
  4 killer bees (D:8)
  5 spriggan skeletons (D:13)
  A troll skeleton (D:13)
  4 centaur zombies (D:8)
  5 hounds
  17 orc priests
  A gnoll bouda (D:7)
  A sleepcap (D:8)
  Jessica (D:2)
  Terence (D:2)
  27 orc wizards
  Natasha (thrice) (D:2)
  2 iguanas
  2 howler monkey zombies (D:8)
  Robin (D:3)
  18 gnolls
  7 adders
  2 shadow imps
  2 white imps
  11 ufetubi
  A dart slug (D:1)
  A ribbon worm (Abyss:3)
  90 orcs
  2 bats (D:1)
  4 endoplasms
  2 giant cockroaches
  30 goblins
  15 hobgoblins
  21 kobolds
  2 quokkas (D:2)
  9 ball pythons
  6 frilled lizards
  A rat (D:3)
492 creatures vanquished.

Vanquished Creatures (others)
  An orc (Orc:1)
1 creature vanquished.

Grand Total: 493 creatures vanquished

Notes
Turn   | Place    | Note
-------+----------+-------------------------------------------
     0 | D:1      | hawla the Minotaur Monk began the quest for the Orb.
     0 | D:1      | Reached XP level 1. HP: 19/19 MP: 0/0
   261 | D:1      | Reached XP level 2. HP: 27/27 MP: 1/1
   346 | D:1      | Found a faded altar of an unknown god.
   805 | D:2      | Noticed Natasha
   809 | D:2      | Killed Natasha
   810 | D:2      | Reached XP level 3. HP: 23/33 MP: 2/2
   884 | D:2      | Noticed Jessica
   885 | D:2      | Noticed Natasha
   888 | D:2      | Reached skill level 5 in Dodging
   892 | D:2      | Killed Natasha
   893 | D:2      | Reached skill level 4 in Long Blades
   893 | D:2      | Reached XP level 4. HP: 14/40 MP: 3/3
   898 | D:2      | Killed Jessica
  1235 | D:2      | Noticed Natasha
  1240 | D:2      | Killed Natasha
  1241 | D:2      | Reached skill level 5 in Long Blades
  1241 | D:2      | Reached XP level 5. HP: 46/46 MP: 4/4
  1999 | D:3      | Noticed Robin
  2075 | D:3      | Noticed Terence
  2112 | D:2      | Killed Terence
  2113 | D:2      | Reached skill level 6 in Long Blades
  2158 | D:3      | Killed Robin
  2658 | D:3      | Found a white marble altar of Elyvilon.
  2921 | D:4      | Identified a scroll of acquirement
  2921 | D:4      | Acquired a +1 great sword of distortion
  3059 | D:4      | Found a sparkling altar of Nemelex Xobeh.
  3108 | D:4      | Reached XP level 6. HP: 52/52 MP: 5/5
  3136 | D:4      | Reached skill level 7 in Long Blades
  3240 | D:4      | Found a staircase to the Ecumenical Temple.
  3479 | Temple   | Entered the Ecumenical Temple
  3611 | D:5      | Entered Level 5 of the Dungeon
  3625 | D:5      | Reached skill level 8 in Long Blades
  3702 | D:5      | Reached XP level 7. HP: 35/59 MP: 6/6
  3947 | D:5      | Reached skill level 9 in Long Blades
  4125 | D:5      | Noticed a kobold demonologist
  4133 | D:5      | Noticed a chaos spawn
  4134 | D:5      | Killed a kobold demonologist
  4135 | D:5      | Reached skill level 10 in Long Blades
  4135 | D:5      | Reached XP level 8. HP: 52/66 MP: 7/7
  4138 | D:5      | Reached skill level 11 in Long Blades
  4794 | D:6      | Found a bloodstained altar of Trog.
  5011 | D:6      | Reached skill level 12 in Long Blades
  5302 | D:6      | Reached skill level 13 in Long Blades
  5439 | D:6      | Reached XP level 9. HP: 71/71 MP: 8/8
  5577 | D:6      | Reached skill level 14 in Long Blades
  5647 | D:7      | Found a shimmering altar of Xom.
  5937 | D:7      | Found an iron altar of Okawaru.
  5938 | D:7      | Found a basalt altar of Yredelemnul.
  5939 | D:7      | Found a hazy altar of Hepliaklqana.
  5939 | D:7      | Found a burning altar of Makhleb.
  5939 | D:7      | Found a glowing golden altar of the Shining One.
  5947 | D:7      | Became a worshipper of Makhleb the Destroyer
  5947 | D:7      | Reached * piety under Makhleb
  5947 | D:7      | Reached ** piety under Makhleb
  6074 | D:7      | Reached skill level 15 in Long Blades
  6414 | D:8      | Noticed a two-headed ogre
  6652 | D:8      | Killed a two-headed ogre
  6653 | D:8      | Reached skill level 16 in Long Blades
  6653 | D:8      | Reached XP level 10. HP: 33/78 MP: 9/9
  7060 | D:8      | Reached skill level 17 in Long Blades
  7457 | D:8      | Noticed Amaemon
  7457 | D:8      | Noticed an orange demon
  7463 | D:8      | Banished Amaemon
  7467 | D:8      | Killed an orange demon
  7468 | D:8      | Reached skill level 18 in Long Blades
  7815 | D:9      | Found a runed translucent gate.
  7816 | D:9      | Found a runed translucent gate.
  7817 | D:9      | Found an opulent altar of Gozag.
  7818 | D:9      | Noticed an obsidian statue
  7821 | D:9      | Found an ornate altar of the Wu Jian Council.
  7840 | D:9      | Reached *** piety under Makhleb
  7862 | D:9      | Reached skill level 19 in Long Blades
  7877 | D:9      | Found a runed translucent gate.
  7879 | D:9      | Noticed a cyclops
  7879 | D:9      | Noticed Lhightning's ghost (novice MiFi)
  7879 | D:9      | Noticed a manticore
  7921 | D:9      | Noticed a green ugly thing
  7923 | D:9      | Noticed a manticore
  8021 | D:9      | Reached XP level 11. HP: 76/84 MP: 10/10
  8055 | D:9      | Noticed Psyche
  8056 | D:9      | Found Ubbemmi's Weapon Shoppe.
  8080 | D:9      | Killed Psyche
  8445 | D:10     | Entered Level 10 of the Dungeon
  8501 | D:10     | Found a flagged portal.
  8528 | Bailey   | Entered a bailey
  8636 | Bailey   | Reached **** piety under Makhleb
  8674 | Bailey   | Reached skill level 20 in Long Blades
  8685 | Bailey   | Reached skill level 1 in Evocations
  8836 | Bailey   | Noticed an orc warlord
  8859 | Bailey   | Killed an orc warlord
  9234 | D:10     | Found a staircase to the Lair.
  9267 | D:10     | Reached skill level 5 in Throwing
  9477 | D:10     | Found a blossoming altar of Fedhas.
  9488 | D:10     | Found the +10 tower shield of Ignorance {rN+ Int-4}
  9660 | D:10     | Noticed a two-headed ogre
  9668 | D:10     | Killed a two-headed ogre
 10013 | D:11     | Reached skill level 1 in Armour
 10013 | D:11     | Reached skill level 1 in Invocations
 10121 | D:11     | Noticed a two-headed ogre
 10125 | D:11     | Banished a two-headed ogre
 10482 | D:11     | Found a staircase to the Orcish Mines.
 10643 | D:11     | Gained mutation: You are partially covered in iridescent
                  | scales. (AC +2) [potion of mutation]
 10643 | D:11     | Gained mutation: You are robust. (+10% HP) [potion of
                  | mutation]
 10718 | D:9      | Noticed a five-headed hydra
 10763 | D:9      | Noticed a sixfirhy
 10902 | D:12     | Noticed a boulder beetle
 10917 | D:12     | Killed a boulder beetle
 10918 | D:12     | Reached XP level 12. HP: 100/100 MP: 13/13
 11412 | D:12     | Reached skill level 5 in Armour
 11521 | Orc:1    | Entered Level 1 of the Orcish Mines
 11953 | Orc:2    | Entered Level 2 of the Orcish Mines
 11955 | Orc:2    | Noticed an orc high priest
 11973 | Orc:1    | Reached ***** piety under Makhleb
 11974 | Orc:1    | Noticed Fannar
 12266 | Orc:1    | Reached XP level 13. HP: 8/112 MP: 14/16
 12266 | Orc:1    | HP: 4/112 [burnt (4)]
 12755 | Orc:2    | Found Zyjul's Antique Armour Emporium.
 12767 | Orc:2    | Bought a heavily runed scale mail for 288 gold pieces
 12767 | Orc:2    | Identified the +2 scale mail of the Mind {rElec Str-5
                  | Dex+5} (You bought it in a shop on level 2 of the Orcish
                  | Mines)
 12767 | Orc:2    | Bought a runed cloak for 240 gold pieces
 12886 | Orc:2    | Noticed Jorgrun
 12907 | Orc:2    | Killed Jorgrun
 13192 | Orc:2    | Found a staircase to the Elven Halls.
 13244 | Orc:2    | Noticed Maurice
 13258 | Orc:2    | Killed Maurice
 13324 | Orc:2    | Found Asujash's General Store.
 13372 | Orc:2    | Bought a scroll of identify for 32 gold pieces
 13372 | Orc:2    | Bought a potion of lignification for 48 gold pieces
 13372 | Orc:2    | Bought an amulet of reflection for 480 gold pieces
 13583 | Orc:2    | Noticed Saint Roka
 13850 | Orc:2    | Found Ruotio's Antique Armour Shoppe.
 13862 | Orc:2    | Found Nyitsis's Antique Weapon Emporium.
 14215 | Orc:2    | Found Qot Camev's Weapon Emporium.
 14371 | Orc:1    | Killed Fannar
 14833 | D:13     | Reached ****** piety under Makhleb
 14900 | D:13     | Found a transporter.
 14902 | D:13     | Noticed a sphinx
 14906 | D:13     | Found a radiant altar of Vehumet.
 15157 | D:13     | Reached skill level 10 in Invocations
 15158 | D:13     | Reached skill level 10 in Armour
 15744 | D:13     | Reached XP level 14. HP: 87/121 MP: 20/20
 15897 | D:13     | Identified the ring "Cej Quaxiabb" {Ice Fly rCorr Slay+3}
 16243 | Lair:1   | Entered Level 1 of the Lair of Beasts
 16813 | Lair:1   | Noticed Maggie
 16825 | Lair:1   | Killed Maggie
 17835 | D:9      | Killed Lhightning's ghost
 18399 | D:13     | Found a gate to the Vaults.
 18722 | D:14     | Found Joebonn's Jewellery Shop.
 18758 | D:14     | Found Cetsaw's Elemental Accessories.
 18844 | D:14     | Found a broken altar of Ashenzari.
 19287 | D:14     | Identified the +3 ring mail of the Wilderness {Rampage rN+
                  | Will-}
 20028 | Abyss:3  | Cast into level 3 of the Abyss (an occultist)
 20096 | Abyss:3  | Noticed a red very ugly thing
 20097 | Abyss:3  | Found a corrupted altar of Lugonu.
 20111 | Abyss:3  | Killed a red very ugly thing
 20165 | Abyss:4  | Slain by a large abomination

Illustrated notes

Levels and vault maps discovered:
D:1:      wander_arrival_peaceful_grave, layout_loops_ring,
          shapermc_ecumenical_altar_notcrosses
D:2:      layout_basic, chequers_serial_rivers_room_b, nicolae_hexahallways,
          minmay_hedge_maze, uniq_natasha, uniq_jessica
D:3:      layout_basic, mainiacjoe_overflow_brackets, minmay_misc_feat_roman,
          uniq_robin, uniq_terence
D:4:      layout_cave_pools, nemelex_diamond_rough_becter,
          minmay_temple_entry_sparse_star
D:5:      layout_basic
D:6:      layout_basic, trog_hazing_becter, minmay_unpleasant_kobolds
D:7:      layout_rooms, xom_butterflies, grunt_temple_overflow_open
D:8:      layout_loops_ring, serial_undead, serial_undead_a, serial_undead_c,
          serial_undead_e, serial_undead_e, serial_undead_c, serial_undead_a,
          uniq_amaemon
D:9:      layout_roguey, nicolae_wu_jian_wuxing_cycle, ebering_ghost_gozag,
          serial_shops, nicolae_stop_n_shop_2, onia_ninara_dug_in_and_dangerous,
          uniq_psyche
D:10:     layout_roguey, mainiacjoe_overflow_24_doors, david_lair_shrubbed,
          enter_bailey_7, kennysheep_generic_room_5
D:11:     layout_cave_pools, orc_0_dummy
D:12:     layout_irregular_city
D:13:     gammafunk_sealed_library, layout_layer_cave, erik_vaults_1,
          hangedman_tell_no_tales
D:14:     layout_gridville, evilmike_ruin_ashenzari, serial_shops,
          nicolae_stop_n_shop_1, nicolae_elemental_shop
Temple:   nicolae_temple_ecumenical_triangle
Lair:1:   layout_layer_cave, uniq_maggie
Orc:1:    layout_caves, serial_shops, uniq_fannar
Orc:2:    grunt_orc_community_town_hall, layout_caves,
          grunt_orc_community_big_house_1, grunt_orc_community_big_house_1,
          grunt_orc_community_house_1, grunt_orc_community_house_2,
          grunt_orc_community_house_3, grunt_orc_community_house_2,
          grunt_orc_community_house_1, grunt_orc_community_house_2,
          serial_shops, shop_fountains, uniq_maurice, uniq_jorgrun
Abyss:4:  base: Orc:1, evilmike_abyss_exit_6, minivault_28

Skill      XL: |  1  2  3  4  5  6  7  8  9 10 11 12 13 14 |
---------------+-------------------------------------------+-----
Fighting       | 4 6 |  6.3
Dodging        | 4 5 8 |  8.1
Long Blades    | 4 5 6 8 10 13 16 19 20 | 20.0
Evocations     | 3 |  3.0
Throwing       | 6 |  6.0
Armour         | 4 6 10 14 | 14.1
Invocations    | 3 6 10 | 10.0

Action                     |  1- 3 |  4- 6 |  7- 9 | 10-12 | 13-15 || total
---------------------------+-------+-------+-------+-------+-------++-------
  Melee: Falchion          |    32 |    84 |       |       |       ||   116
         Headbutt          |     6 |    22 |    35 |    64 |   142 ||   269
         Unarmed           |       |     4 |       |     6 |       ||    10
         Great sword       |       |    38 |   208 |   382 |   317 ||   945
         Long sword        |       |       |       |       |   262 ||   262
         Scimitar          |       |       |       |       |    27 ||    27
         Punch             |       |       |       |       |     1 ||     1
  Throw: Dart              |       |       |     5 |    10 |     7 ||    22
  Evoke: Wand              |       |       |       |     9 |       ||     9
    Use: Scroll            |     3 |     9 |       |    15 |    13 ||    40
         Potion            |       |       |       |     3 |     6 ||     9
   Stab: Sleeping          |       |     1 |       |       |       ||     1
         Distracted        |       |       |       |     1 |       ||     1
 Armour: Robe              |    21 |   104 |   146 |       |       ||   271
         Scale mail        |       |       |    36 |   264 |   121 ||   421
         Skin              |       |       |       |     2 |    10 ||    12
         Plate armour      |       |       |       |       |   342 ||   342
  Dodge: Dodged            |    22 |   159 |   205 |   259 |   281 ||   926
  Block: Other             |       |       |       |       |    46 ||    46
         Reflection        |       |       |       |       |    20 ||    20
         Buckler           |       |       |       |       |   150 ||   150
